 Dungeon Sprint DCSS version 0.23.2-11-gf996548c65 (webtiles) character file.

Game seed: 10079157078068259915

13573 wilfster70 the Imperceptible (level 11, -9/46 (47) HPs)
             Began as a Spriggan Enchanter on June 6, 2019.
             Was an Initiate of Gozag.
             Killed from afar by a fire giant (55 damage)
             ... with a bolt of fire
             ... in the Dungeon (Sprint I: "Red Sonja").
             The game lasted 00:11:23 (1828 turns).

wilfster70 the Imperceptible (Spriggan Enchanter)   Turns: 1828, Time: 00:11:24

HP:   -9/46 (47)    AC:  2    Str:  6    XL:     11   Next: 77%
MP:   27/31         EV: 18    Int: 18    God:    Gozag
Gold: 1223          SH:  8    Dex: 16    Spells: 28/41 levels left

rFire    . . .     SeeInvis +   a - +1 dagger (venom)
rCold    + . .     Gourm    .   (shield restricted)
rNeg     . . .     Faith    .   b - +0 robe
rPois    .         Spirit   .   (helmet restricted)
rElec    +         Reflect  +   (no cloak)
rCorr    .         Harm     .   (gloves unavailable)
MR       +....     NoTele   +   (boots unavailable)
Stlth    +++++++++.             p - brooch of Shielding {Reflect SH+8}
HPRegen  0.15/turn              o - ring of Sin {rElec rC+ Str+2 Dex-3 Slay+3}
MPRegen  0.22/turn              (no ring)

@: gold aura, very quick
A: very small, unfitting armour, see invisible, herbivore, speed 3, slow
metabolism 2
a: Potion Petition, Call Merchant, Bribe Branch, Renounce Religion


You were in the Dungeon.
You worshipped Gozag.
Gozag was most pleased with you.
You were not hungry.

You visited 1 branch You collected 5162 gold pieces.
You spent 3168 gold pieces at shops.
You paid 771 gold pieces to Gozag.

Inventory:

Hand Weapons
 a - a +1 dagger of venom (weapon)
 k - a +0 blowgun
Missiles
 l - 9 curare-tipped needles
Armour
 b - a +0 robe (worn)
Jewellery
 o - the ring of Sin (left hand) {rElec rC+ Str+2 Dex-3 Slay+3}
   (You bought it in a shop in the Dungeon)

   [ring of protection from cold]

   It affects your strength (+2).
   It affects your dexterity (-3).
   It affects your accuracy and damage with ranged weapons and melee attacks
   (+3).
   It protects you from cold.
   It insulates you from electricity.
 p - the brooch of Shielding (around neck) {Reflect SH+8}
   (You bought it in a shop in the Dungeon)

   [amulet of reflection]

   It shields you and reflects attacks.
   It affects your SH (+8).
Wands
 c - a wand of polymorph (11)
 i - a wand of paralysis (10)
Scrolls
 j - 2 scrolls of blinking
 n - 3 scrolls of identify {unknown}
Potions
 e - a potion of curing
 f - 2 potions of heal wounds
 g - a potion of haste
 h - 2 potions of magic
 m - 3 potions of agility {unknown}
Comestibles
 d - 3 rations


   Skills:
 - Level 10.1 Short Blades
 - Level 3.0 Dodging
 + Level 24.7 Stealth
 + Level 15.7 Spellcasting
 - Level 17.0 Hexes
 + Level 7.5 Summonings
 - Level 3.5 Translocations


You had 28 spell levels left.
You knew the following spells:

 Your Spells              Type           Power        Failure   Level  Hunger
a - Corona                Hex            ######.      0%          1    None
b - Ensorcelled Hibernat  Hex/Ice        #####.       1%          2    None
c - Confuse               Hex            ######..     0%          3    None
d - Summon Demon          Summ           #####.....   5%          5    ###....
g - Blink                 Tloc           N/A          1%          2    None

Your spell library contained the following spells:

 Spells                   Type           Power        Failure   Level  Hunger
 Slow                     Hex            ######..     0%          2    None
 Tukima's Dance           Hex            ######..     0%          3    None
 Call Imp                 Summ           #####...     1%          2    None
 Dazzling Spray           Conj/Hex       #####.       1%          3    None
 Recall                   Summ/Tloc      N/A          1%          3    None
 Cause Fear               Hex            ######....   1%          4    None
 Summon Mana Viper        Hex/Summ       ######..     1%          5    ###....
 Silence                  Hex/Air        #####.....   3%          5    ###....
 Yara's Violent Unravell  Hex/Tmut       #####.....   3%          5    ###....
 Magic Dart               Conj           ##..         4%          1    None
 Aura of Abjuration       Summ           #####.....   5%          5    ###....
 Summon Forest            Summ/Tloc      ####......   12%         5    ###....
 Conjure Flame            Conj/Fire      ##......     13%         3    None
 Mephitic Cloud           Conj/Pois/Air  ##......     13%         3    None
 Discord                  Hex            ######....   26%         8    #######
 Shadow Creatures         Summ           N/A          30%         6    #####..
 Deflect Missiles         Chrm/Air       ##........   100%        6    #####..


Dungeon Overview and Level Annotations

Branches:
Dungeon (1/1)

Altars:
Cheibriados
Dithmenos
Elyvilon
Fedhas
Gozag
Hepliaklqana
Kikubaaqudgha
Makhleb
Nemelex Xobeh
Okawaru
Qazlal
Ru
Sif Muna
Trog
Uskayaw
Vehumet
Wu Jian
Xom
Yredelemnul
Zin
The Shining One
Jiyva
Lugonu

Shops:
D ((*}(*}?=**(}=:[((


Innate Abilities, Weirdness & Mutations

You are very small and have problems with some larger weapons.
You are too small for most types of armour.
You have supernaturally acute eyesight. (SInv)
You are a herbivore.
You cover ground extremely quickly.
You need to consume almost no food.


Message History

You spit the fire giant like a pig!!!!!
You kill the fire giant!
Your Summonings skill increases to level 7!
Casting: Ensorcelled Hibernation (safe; 1% risk of failure)
Confirm with . or Enter, or press ? or * to list all spells.
Aiming: Ensorcelled Hibernation (safe; 1% risk of failure)
Press: ? - help, Shift-Dir - straight line, f - fire giant
Aim: a fire giant, wielding a +0 great sword of flaming (chance to defeat MR: 19%)
The fire giant resists with almost no effort.
Casting: Ensorcelled Hibernation (safe; 1% risk of failure)
Confirm with . or Enter, or press ? or * to list all spells.
Aiming: Ensorcelled Hibernation (safe; 1% risk of failure)
Press: ? - help, Shift-Dir - straight line, f/p - fire giant
Aim: a fire giant, wielding a +0 great sword of flaming (chance to defeat MR: 19%)
The fire giant resists with almost no effort.
The fire giant points at you and mumbles some strange words.
The bolt of fire hits you!!!
Ouch! That really hurt!
You die...
Your body crumbles into a pile of gold.

'###
#..###$#
.'.#
#.##..$#
##.#
#..#+###
##.# $$
##...# ##.#
$$ $ $###.#
##.# $
$$$$$$$$$#.#
.§§#
$$$$$$$$$#.#
##§#
$$$$$$####'#


$$$$$$$$ §#§# $$$###..@.# $$$$$$$ #§§#!$?#####C..#### $ ####!....$...### #
$=....##### # %..C. $$ .C.. $$$ # $$$$$ $$$$ # ## $$$$ # ≈ You could see a fire
giant.

Vanquished Creatures
  A fire giant (D)
  A hydra (D)
  2 centaur warriors (D)
  Sonja (D)
  A deep troll (D)
  7 unseen horrors (D)
  A lindwurm (D)
  An oklob plant (D)
  2 kobold demonologists (D)
  A demonic crawler (D)
  A hornet (D)
  A slime creature (D)
  Sigmund (D)
  2 redbacks (D)
  A yak (D)
  13 hogs (D)
  3 floating eyes (D)
  An ogre (D)
  7 necrophages (D)
  8 jellies (D)
  Ijyb (D)
57 creatures vanquished.

Vanquished Creatures (others)
  A gargoyle (D)
1 creature vanquished.

Grand Total: 58 creatures vanquished

Notes
Turn   | Place    | Note
-------+----------+-------------------------------------------
     0 | D        | wilfster70 the Spriggan Enchanter began the quest for the
                  | Orb.
     0 | D        | Reached XP level 1. HP: 9/9 MP: 5/5
     1 | D        | Noticed Ijyb
    12 | D        | Killed Ijyb
    12 | D        | Reached skill level 10 in Stealth
    12 | D        | Reached XP level 2. HP: 13/13 MP: 6/6
    21 | D        | Learned a level 2 spell: Ensorcelled Hibernation
    53 | D        | Noticed an ogre
    56 | D        | Killed an ogre
    56 | D        | Reached skill level 14 in Stealth
    56 | D        | Reached XP level 3. HP: 16/16 MP: 8/8
    56 | D        | Reached XP level 4. HP: 21/21 MP: 9/9
    65 | D        | Noticed Sigmund
    68 | D        | Killed Sigmund
    68 | D        | Reached skill level 18 in Stealth
    68 | D        | Reached XP level 5. HP: 24/24 MP: 10/10
    68 | D        | Reached XP level 6. HP: 28/28 MP: 11/11
    80 | D        | Found a deep blue altar of Sif Muna.
    81 | D        | Found an ornate altar of the Wu Jian Council.
    82 | D        | Found a radiant altar of Vehumet.
   106 | D        | Found Xeem's Antique Weapon Emporium.
   106 | D        | Found an ancient bone altar of Kikubaaqudgha.
   106 | D        | Found a hazy altar of Hepliaklqana.
   106 | D        | Found a hide-covered altar of Uskayaw.
   106 | D        | Found a basalt altar of Yredelemnul.
   106 | D        | Found an opulent altar of Gozag.
   106 | D        | Found a snail-covered altar of Cheibriados.
   106 | D        | Found a sacrificial altar of Ru.
   106 | D        | Found a shadowy altar of Dithmenos.
   106 | D        | Noticed a yak
   107 | D        | Found a stormy altar of Qazlal.
   107 | D        | Found a blossoming altar of Fedhas.
   107 | D        | Found a bloodstained altar of Trog.
   107 | D        | Found an iron altar of Okawaru.
   107 | D        | Found a glowing golden altar of the Shining One.
   107 | D        | Found a glowing silver altar of Zin.
   107 | D        | Found a white marble altar of Elyvilon.
   108 | D        | Killed a yak
   109 | D        | Found a sparkling altar of Nemelex Xobeh.
   116 | D        | Became a worshipper of Gozag Ym Sagoz the Greedy
   122 | D        | Noticed Sonja
   126 | D        | Killed Sonja
   126 | D        | Reached skill level 19 in Stealth
   126 | D        | Reached skill level 10 in Hexes
   126 | D        | Reached XP level 7. HP: 32/32 MP: 10/18
   126 | D        | Reached XP level 8. HP: 36/36 MP: 10/19
   187 | D        | Found Sep Zeaz's Weapon Boutique.
   207 | D        | Noticed a deep troll
   211 | D        | Killed a deep troll
   224 | D        | Found Galaygie's Armour Emporium.
   258 | D        | Found a viscous altar of Jiyva.
   258 | D        | Found a corrupted altar of Lugonu.
   258 | D        | Noticed a slime creature
   259 | D        | Found a burning altar of Makhleb.
   259 | D        | Found a shimmering altar of Xom.
   261 | D        | Killed a slime creature
   261 | D        | Reached skill level 20 in Stealth
   275 | D        | Noticed a kobold demonologist
   276 | D        | Noticed a kobold demonologist
   283 | D        | Killed a kobold demonologist
   283 | D        | Reached XP level 9. HP: 39/39 MP: 19/23
   287 | D        | Killed a kobold demonologist
   349 | D        | Noticed a centaur warrior
   349 | D        | Noticed a centaur warrior
   351 | D        | Killed a centaur warrior
   351 | D        | Reached skill level 10 in Spellcasting
   352 | D        | Killed a centaur warrior
   352 | D        | Reached skill level 21 in Stealth
   376 | D        | Noticed an oklob plant
   378 | D        | Killed an oklob plant
   378 | D        | Reached skill level 10 in Short Blades
   378 | D        | Reached skill level 15 in Hexes
   378 | D        | Reached XP level 10. HP: 44/44 MP: 24/26
   427 | D        | Noticed an unseen horror
   428 | D        | Noticed an unseen horror
   436 | D        | Killed an unseen horror
   445 | D        | Killed an unseen horror
   445 | D        | Reached skill level 22 in Stealth
   514 | D        | Learned a level 3 spell: Confuse
   522 | D        | Killed a gargoyle
   741 | D        | Found Migeth's Gadget Shoppe.
   741 | D        | Found Feneqyfe's General Store.
   741 | D        | Found Xuyfoll's Weapon Boutique.
   743 | D        | Found Taelouch's Assorted Antiques.
   743 | D        | Found Hiadacakk's Gadget Shop.
   743 | D        | Found Dempeuqi's Magic Scroll Shoppe.
   743 | D        | Found Lumid Koink's Jewellery Boutique.
   743 | D        | Found Libeiwir's General Store.
   743 | D        | Found Qexutrur's General Store.
   743 | D        | Found Laitsic's Weapon Shoppe.
   748 | D        | Found Venteoc's Gadget Boutique.
   749 | D        | Found Matogahol's Book Emporium.
   749 | D        | Found Ubeps's Jewellery Boutique.
   750 | D        | Found Qaoc's Weapon Emporium.
   757 | D        | Bought a book of Summonings for 910 gold pieces
   757 | D        | Bought a book of Minor Magic for 260 gold pieces
   760 | D        | Learned a level 2 spell: Blink
   766 | D        | Learned a level 5 spell: Summon Demon
   768 | D        | Bought the ring of Sin {rElec rC+ Str+2 Dex-3 Slay+3} for
                  | 495 gold pieces
   774 | D        | Bought the brooch of Shielding {Reflect SH+8} for 1381 gold
                  | pieces
   774 | D        | Found the brooch of Shielding {Reflect SH+8}
   778 | D        | Bought a +1 dagger of venom for 122 gold pieces
   837 | D        | Reached skill level 1 in Translocations
  1163 | D        | Noticed a lindwurm
  1165 | D        | Killed a lindwurm
  1165 | D        | Reached skill level 1 in Summonings
  1471 | D        | Reached XP level 11. HP: 46/46 MP: 24/29
  1482 | D        | Reached skill level 23 in Stealth
  1617 | D        | Noticed a 12-headed hydra
  1619 | D        | Killed a 12-headed hydra
  1621 | D        | Reached skill level 5 in Summonings
  1641 | D        | Noticed a daeva
  1645 | D        | Noticed an unseen horror
  1645 | D        | Noticed an unseen horror
  1645 | D        | Noticed an unseen horror
  1645 | D        | Noticed an unseen horror
  1647 | D        | Killed an unseen horror
  1650 | D        | Killed an unseen horror
  1651 | D        | Noticed an unseen horror
  1652 | D        | Killed an unseen horror
  1652 | D        | Reached skill level 24 in Stealth
  1654 | D        | Killed an unseen horror
  1654 | D        | Reached skill level 15 in Spellcasting
  1656 | D        | Killed an unseen horror
  1813 | D        | Noticed a fire giant
  1816 | D        | Noticed a fire giant
  1817 | D        | Noticed a fire giant
  1818 | D        | Noticed a fire giant
  1820 | D        | Killed a fire giant
  1828 | D        | Killed from afar by a fire giant

Skill      XL: |  1  2  3  4  5  6  7  8  9 10 11 |
---------------+----------------------------------+-----
Stealth        | 10 14 18 19 20 21 22 24 | 24.7
Spellcasting   | 7 9 11 13 15 | 15.7
Hexes          | 10 12 15 17 | 17.0
Short Blades   | 6 8 10 | 10.1
Translocations | 3 |  3.5
Summonings     | 3 7 |  7.5
Dodging        | |  3.0

Action                   |  1- 3 |  4- 6 |  7- 9 | 10-12 || total
-------------------------+-------+-------+-------+-------++-------
Melee: Dagger            |     9 |     4 |     9 |    69 ||    91
 Cast: Ensorcelled Hiber |       |     1 |     3 |    30 ||    34
       Confuse           |       |       |       |     9 ||     9
Invok: Call Merchant     |       |       |       |     1 ||     1
  Use: Potion            |     1 |       |       |       ||     1
 Stab: Sleeping          |     1 |     4 |     9 |    35 ||    49
       Confused          |       |       |       |     7 ||     7
Armor: Robe              |     1 |       |       |     1 ||     2
Dodge: Dodged            |     4 |       |     1 |    31 ||    36
Block: Other             |       |       |       |     9 ||     9
